 Dungeon Crawl Stone Soup version 0.30-a0-242-g7bf8e6d787 (webtiles) character file.

Game seed: 15489479120189647213

1457 gzilladon the Cleaver (level 8, -3/69 HPs)
             Began as a Hill Orc Fighter on Oct 11, 2022.
             Was a Follower of Beogh.
             Killed by divine providence
             ... invoked by an orc priest
              (7 damage)
             ... on level 6 of the Dungeon.
             The game lasted 00:15:05 (4478 turns).

gzilladon the Cleaver (Hill Orc Fighter)            Turns: 4478, Time: 00:15:06

Health: -3/69      AC: 12    Str: 27    XL:     8   Next: 76%
Magic:  11/11      EV: 12    Int:  8    God:    Beogh [*.....]
Gold:   247        SH:  4    Dex: 10    Spells: 7/7 levels left

rFire   . . .      SeeInvis .    a - +0 war axe
rCold   . . .      Faith    .    c - +0 buckler
rNeg    . . .      Spirit   .    u - +0 chain mail
rPois   .          Reflect  .    (no helmet)
rElec   .          Harm     .    (no cloak)
rCorr   .          Rampage  .    h - +0 pair of gloves
Will    .....                    G - +0 pair of boots
Stlth   ..........               (no amulet)
HPRegen 0.31/turn                i - +4 ring of evasion
MPRegen 0.12/turn                j - +6 ring of strength

@: studying Axes
A: no striking features
a: Renounce Religion


You were on level 6 of the Dungeon.
You worshipped Beogh.
Beogh was aware of your devotion.
You visited 1 branch of the dungeon, and saw 6 of its levels.

You collected 247 gold pieces.

Inventory:

Hand Weapons
 a - a +0 war axe (weapon)
Missiles
 n - 62 stones (quivered)
 q - 5 datura-tipped darts
Armour
 b - a +0 scale mail
 c - a +0 buckler (worn)
 h - a +0 pair of gloves (worn)
 u - a +0 chain mail (worn)
 F - a +0 pair of gloves
 G - a +0 pair of boots (worn)
Magical Staves
 r - a staff of cold
Jewellery
 i - a +4 ring of evasion (left hand)
 j - a +6 ring of strength (right hand)
 k - an amulet of guardian spirit
 l - a ring of wizardry
 z - an amulet of magic regeneration
 A - a ring of ice
 B - a ring of magical power
Scrolls
 e - 2 scrolls of blinking {unknown}
 f - a scroll of summoning {unknown}
 g - 7 scrolls of identify {unknown}
 m - 2 scrolls of poison {unknown}
 o - 2 scrolls of butterflies {unknown}
 w - 4 scrolls of teleportation {unknown}
 y - 2 scrolls of vulnerability {unknown}
 D - a scroll of amnesia {unknown}
 E - a scroll of enchant armour {unknown}
 H - a scroll of noise {unknown}
Potions
 d - a potion of might
 p - 5 potions of curing {unknown}
 s - a potion of lignification {unknown}
 t - 2 potions of attraction {unknown}
 v - a potion of flight {unknown}
 x - 4 potions of heal wounds {unknown}
 C - a potion of degeneration {unknown}


   Skills:
 + Level 5.5 Fighting
 * Level 13.7 Axes
 + Level 5.3 Armour
 + Level 1.3 Dodging
 + Level 1.2 Stealth
 + Level 4.4 Shields
 * Level 4.0 Invocations


You had 7 spell levels left.
You didn't know any spells.
Your spell library contained the following spells:

 Spells                   Type           Power      Damage    Failure   Level
 Beastly Appendage        Tmut           0%         N/A       97%         1
 Kiss of Death            Conj/Necr      0%         2d5       97%         1
 Magic Dart               Conj           0%         1d3       97%         1
 Summon Small Mammal      Summ           0%         N/A       97%         1
 Wereblood                Tmut           0%         N/A       99%         2
 Call Canine Familiar     Summ           0%         N/A       100%        3
 Confusing Touch          Hex            0%         N/A       100%        3
 Spider Form              Tmut/Pois      0%         N/A       100%        3
 Summon Guardian Golem    Hex/Summ       0%         N/A       100%        3
 Dispel Undead            Necr           0%         3d6       100%        4


Dungeon Overview and Level Annotations

Branches:
Dungeon (6/15)             Temple (0/1) D:5

Altars:
Yredelemnul

Shops:
D:6 :

Annotations:
D:4 3 runed translucent doors, benadryl's ghost, amateur TrEE


Message History

You barely miss the orc wizard.
The orc wizard points at you and mumbles some strange words.
You resist with some effort.
The orc wizard gestures wildly while chanting.
The orc wizard flickers and vanishes!
The gnoll barely misses you.
You hit the orc wizard but do no damage.
The orc wizard gestures at you while chanting.
The puff of flame hits you!
* * * LOW HITPOINT WARNING * * *
You block the gnoll's attack.
You hit the orc wizard.
The orc wizard is moderately wounded.
The orc wizard casts a spell at you. The puff of flame misses you.
The gnoll closely misses you.
You slash the orc wizard!
The orc wizard is almost dead.
The orc wizard hits you with a +0 scimitar.
* * * LOW HITPOINT WARNING * * *
The gnoll closely misses you.
You barely miss the orc wizard.
The orc wizard is almost dead.
The orc wizard hits you with a +0 scimitar.
* * * LOW HITPOINT WARNING * * *
The gnoll barely misses you.
You barely miss the orc wizard.
The orc wizard is almost dead.
You slash the orc wizard!
You kill the orc wizard!
Beogh accepts your kill.
The orc priest begins to cast a cantrip, but forgets the words!
The gnoll hits you from afar with a +0 spear.
* * * LOW HITPOINT WARNING * * *
You hit something. Something hits you but does no damage. The gnoll misses you.
You miss something. Something hits you but does no damage.
The gnoll closely misses you.
You miss something.
The orc priest mumbles some strange prayers to Beogh against you.
Beogh smites you!
You die...
Beogh appreciates the orc priest's killing of a heretic priest.

. .. ...
.... .....
###oo.... ..
####@).g.#
..
###..)##go.#
.. ###...###
..# ..
###...### .#
.. ###...###
.#
..###...###
.. ......###
.
.....######
#.....##..#


You could see 2 orc priests, 2 gnolls and an orc.

Vanquished Creatures
  Grinder (D:3)
  Eustachio (D:4)
  A black bear (D:5)
  2 ogres
  A centaur (D:5)
  A phantom (D:4)
  3 necrophages
  2 jellies
  A gnoll bouda (D:6)
  A hound (D:6)
  2 iguanas
  4 orc wizards
  8 gnolls
  An adder (D:5)
  3 white imps
  A dart slug (D:4)
  3 worms
  23 orcs
  7 ball pythons
  6 endoplasms
  3 giant cockroaches
  7 goblins
  7 hobgoblins
  3 quokkas
  8 bats
  5 frilled lizards
  6 kobolds
  24 rats
135 creatures vanquished.

Vanquished Creatures (others)
  An orc wizard (D:3)
  3 orcs (D:3)
  An endoplasm (D:3)
  A hobgoblin (D:3)
  A fungus (D:1)
  3 plants (D:5)
10 creatures vanquished.

Grand Total: 145 creatures vanquished

Notes
Turn   | Place    | Note
-------+----------+-------------------------------------------
     0 | D:1      | gzilladon the Hill Orc Fighter began the quest for the Orb.
     0 | D:1      | Reached XP level 1. HP: 19/19 MP: 1/1
   230 | D:1      | Reached XP level 2. HP: 27/27 MP: 2/2
   322 | D:1      | Reached skill level 3 in Axes
   633 | D:1      | Reached XP level 3. HP: 31/33 MP: 3/3
   660 | D:1      | Found a faded altar of an unknown god.
   679 | D:1      | Got Plato's Lessons on Striking
  1250 | D:2      | Found a basalt altar of Yredelemnul.
  1340 | D:2      | Reached skill level 4 in Axes
  1578 | D:2      | You fall into a shaft and drop 1 floor!
  1595 | D:3      | Reached XP level 4. HP: 28/40 MP: 4/4
  1597 | D:3      | Reached skill level 5 in Axes
  1769 | D:3      | Reached skill level 6 in Axes
  1769 | D:3      | Reached XP level 5. HP: 25/46 MP: 5/5
  1884 | D:3      | Became a worshipper of Beogh the Brigand
  2039 | D:3      | Noticed Grinder
  2044 | D:3      | Paralysed by Grinder for 4 turns
  2052 | D:3      | Paralysed by Grinder for 3 turns
  2056 | D:3      | Killed Grinder
  2057 | D:3      | Reached skill level 9 in Axes
  2057 | D:3      | Reached XP level 6. HP: 19/52 MP: 6/6
  2960 | D:4      | Reached skill level 1 in Stealth
  2966 | D:4      | Noticed Eustachio
  2983 | D:4      | Killed Eustachio
  2984 | D:4      | Reached skill level 10 in Axes
  2984 | D:4      | Reached skill level 1 in Invocations
  2984 | D:4      | Reached XP level 7. HP: 37/60 MP: 7/7
  3398 | D:4      | Noticed benadryl's ghost (amateur TrEE)
  3411 | D:4      | Found a runed translucent gate.
  3411 | D:4      | Found a runed translucent gate.
  3411 | D:4      | Found a runed translucent gate.
  3629 | D:5      | Entered Level 5 of the Dungeon
  3672 | D:5      | Reached skill level 11 in Axes
  3672 | D:5      | Reached skill level 5 in Armour
  3777 | D:5      | Found a staircase to the Ecumenical Temple.
  3791 | D:5      | Reached XP level 8. HP: 67/67 MP: 9/9
  3866 | D:5      | Reached skill level 1 in Dodging
  3938 | D:5      | Reached skill level 12 in Axes
  3990 | D:5      | Reached * piety under Beogh
  4012 | D:5      | Reached skill level 13 in Axes
  4161 | D:5      | Reached skill level 5 in Fighting
  4343 | D:6      | Found Votwifes's Vocational Training.
  4475 | D:6      | HP: 3/69 [gnoll/+0 spear[a gnoll bouda] (2)]
  4478 | D:6      | Killed from afar by an orc priest

Illustrated notes

Levels and vault maps discovered:
D:1:      ncdulo_halloftheorcs, layout_rooms,
          shapermc_ecumenical_altar_rom_forum
D:2:      layout_basic, basic_altar, minmay_rat_hole
D:3:      layout_basic, hangedman_decor_clover_reticule, uniq_grinder
D:4:      nicolae_BIG_FREAKIN_CUBE, layout_rooms, gammafunk_ghost_split,
          uniq_eustachio
D:5:      layout_rooms, minmay_temple_entry_gardened_gates
D:6:      layout_cave_pods, nicolae_shop_vocational

Skill      XL: |  1  2  3  4  5  6  7  8 |
---------------+-------------------------+-----
Axes           | 3 4 6 9 10 11 13 | 13.7
Fighting       | 4 5 |  5.5
Armour         | 4 5 |  5.3
Shields        | 4 |  4.4
Stealth        | 1 |  1.2
Invocations    | 1 2 4 |  4.0
Dodging        | 1 |  1.3

Action                   |  1- 3 |  4- 6 |  7- 9 || total
-------------------------+-------+-------+-------++-------
Melee: War axe           |   125 |    88 |   190 ||   403
Invok: Convert to Beogh  |       |     1 |       ||     1
  Use: Potion            |       |     1 |       ||     1
Armor: Scale mail        |    53 |     2 |       ||    55
       Chain mail        |       |    47 |    69 ||   116
Dodge: Dodged            |    82 |    62 |    96 ||   240
Block: Buckler           |    45 |    20 |    29 ||    94

Table legend: (Time is in decaauts)
 A = Elapsed time spent in this place.
 B = Non-inter-level travel time spent in this place.
 C = Inter-level travel time spent in this place.
 D = Time resting spent in this place.
 E = Time spent auto-exploring this place.
 F = Levels seen in this place.
 G = Mean time per level.
                   A        B        C        D        E       F      G
               +--------+--------+--------+--------+--------+-----+--------+
         Total |   4525 |   3896 |    629 |    845 |      0 |   6 |  754.2 |
       Dungeon |   4525 |   3896 |    629 |    845 |      0 |   6 |  754.2 |
               +--------+--------+--------+--------+--------+-----+--------+

Top non-repeatable levels by time:
     D:2: 1094 daAuts
     D:3: 933 daAuts
     D:1: 860 daAuts
     D:4: 802 daAuts
     D:5: 707 daAuts
     D:6: 127 daAuts
